Map: Hidden Caves

Players

FUZI

  • Race: Terran Terran
  • Spawn Location: 6:00

akira

  • Race: Zerg Zerg
  • Spawn Location: 5:00

Mev

  • Race: Zerg Zerg
  • Spawn Location: 5:00

Unemployed

  • Race: Protoss Protoss
  • Spawn Location: 5:00

Amix

  • Race: Zerg Zerg
  • League: Platinum
  • Spawn Location: 12:00

laurentruffy

  • Race: Terran Terran
  • Spawn Location: 11:00

Sparkman

  • Race: Zerg Zerg
  • Spawn Location: 11:00

xMKx

  • Race: Terran Terran
  • League: Silver
  • Spawn Location: 11:00

VOD

Have the link to the VOD?

Description

Time

  • Played on: Dec. 9, 2016, 8:15 p.m.
  • Length: 11:16
Show
View Real Time Build Order
Export as new Build Order

FUZI Terran 

Build Orders: Reaper Expand, MMM Bio 

Get SALT Encoding   

  12  0:01  SCV  
  13  0:13  SCV  
  14  0:23  Supply Depot  
  14  0:27  SCV  
  15  0:37  Refinery  
  15  0:45  SCV  
  15  0:47  Barracks  
  16  0:59  SCV  
  17  1:23  Command Center  
  17  1:36  Orbital Command  
  17  1:40  Reaper  
  18  2:06  SCV  
  19  2:22  Command Center  
  19  2:27  SCV  
  20  2:38  Barracks  
  20  2:43  Barracks  
  20  2:48  SCV  
  21  2:51  Orbital Command  
  21  3:00  SCV  
  22  3:21  SCV x2  
  24  3:33  SCV  
  25  3:38  SCV  
  26  3:45  SCV  
  26  3:47  Barracks Tech Lab  
  26  3:48  Refinery, Barracks Reactor  
  27  3:50  SCV  
  27  3:56  Barracks Tech Lab  
  27  3:57  SCV  
  27  3:58  Engineering Bay  
  27  4:02  SCV  
  29  4:23  Planetary Fortress  
  29  4:27  Missile Turret  
  29  4:29  Missile Turret  
  29  4:32  SCV  
  29  4:33  SCV  
  29  4:36  Terran Infantry Weapons Level 1  
  29  4:38  Marine, Stimpack  
  32  4:40  Combat Shields  
  32  4:45  SCV  
  33  4:47  SCV  
  33  4:51  Refinery  
  34  4:54  Refinery  
  34  4:56  Marine  
  34  4:57  SCV  
  34  4:59  Marine x3  
  37  5:13  Marine  
  38  5:14  SCV  
  38  5:15  SCV, Factory  
  38  5:17  Marine x2  
  38  5:19  SCV  
  43  5:21  Marine  
  43  5:27  SCV  
  45  5:31  Marine  
  45  5:34  Marine x2  
  48  5:36  Supply Depot  
  48  5:38  Supply Depot  
  48  5:39  Marine  
  48  5:40  Supply Depot x2  
  48  5:42  SCV x2, Supply Depot  
  51  5:49  Marine  
  52  5:54  SCV  
  53  5:58  SCV x2  
  53  6:03  Marine  
  53  6:04  Marine x2  
  57  6:05  Factory Reactor  
  57  6:07  Marine, SCV  
  57  6:13  Starport  
  54  6:21  Marine x3  
  43  6:57  Marine x2  
  43  7:00  Marine x2, Widow Mine x2  
  49  7:15  Marine x2  
  46  7:17  Marine  
  46  7:18  Marine  
  46  7:19  Medivac  
  52  7:25  Terran Infantry Armor Level 1  
  52  7:26  Barracks  
  52  7:28  Barracks  
  52  7:29  SCV x3  
  55  7:30  Barracks  
  55  7:33  Marine x2  
  57  7:41  SCV  
  56  7:53  Missile Turret  
  56  7:54  Marine x4  
  60  8:08  Factory Tech Lab  
  60  8:09  Engineering Bay  
  60  8:10  Armory  
  60  8:12  Marine x2  
  64  8:13  Marauder x2  
  64  8:15  Supply Depot  
  64  8:18  Supply Depot  
  66  8:22  Supply Depot  
  66  8:23  Marine  
  66  8:24  Marine x2  
  66  8:25  Missile Turret  
  69  8:27  Siege Tank  
  69  8:29  Medivac x2  
  69  8:30  Marine x2  
  69  8:34  Marine, Marauder  
  81  8:41  Marine  
  82  8:52  Marauder  
  80  9:12  Marine x2  
  80  9:13  Marine x2, Marauder x2, Barracks Tech Lab  
  80  9:16  Siege Tank  
  79  9:17  Medivac  
  93  9:27  Medivac  
  93  9:30  Marine x3  
  93  9:31  Marine  
  99  9:34  Marine  
  99  9:35  Marauder, SCV x3  
  105  9:47  SCV  
  105  9:48  Marine  
  109  9:53  Marauder  
  106  10:01  Command Center  
  106  10:02  Marine x2  
  106  10:03  Marine, Marauder  
  106  10:04  Marauder  
  106  10:06  Marine  
  116  10:14  Marauder  
  116  10:20  Marine  
  117  10:27  Marine x3, SCV, Medivac x2, Marauder x2, Siege Tank  
  133  10:28  SCV  
  135  10:35  Marauder  
  135  10:38  Marine  
  128  10:45  Marine  
  128  10:48  Marauder  
  128  10:49  Marauder  
Show
View Real Time Build Order
Export as new Build Order

akira Zerg 

Build Orders: Hatch First 

Get SALT Encoding   

  12  0:01  Drone  
  13  0:08  Drone  
  13  0:13  Extractor  
  13  0:16  Drone  
  15  0:23  Overlord  
  15  0:49  Hatchery  
  14  0:50  Drone  
  14  0:55  Drone  
  16  0:58  Drone  
  17  1:14  Spawning Pool  
  17  1:17  Extractor  
  15  1:19  Drone  
  15  1:23  Drone  
  17  1:27  Drone  
  18  1:37  Drone  
  19  1:45  Overlord  
  19  2:01  Queen  
  19  2:04  Queen  
  23  2:17  Metabolic Boost  
  23  2:20  Zergling x6  
  26  2:24  Zergling x2  
  26  2:26  Zergling x2  
  28  2:35  Evolution Chamber  
  27  2:56  Drone x6  
  33  3:01  Zerg Melee Weapons Level 1  
  33  3:18  Drone x3, Overlord  
  35  3:57  Hatchery  
  32  4:08  Zergling x2  
  32  4:09  Zergling x22  
  42  4:21  Lair  
  42  4:25  Extractor  
  41  4:41  Drone x3  
  41  4:43  Overlord x4  
  35  5:24  Zergling x2  
  35  5:25  Zergling x16  
  41  5:29  Zerg Melee Weapons Level 2  
  41  5:33  Queen  
  43  5:38  Drone x2  
  45  5:53  Extractor  
  45  5:55  Drone x3, Extractor  
  46  6:00  Drone x7  
  53  6:05  Drone  
  53  6:06  Drone x2  
  56  6:15  Infestation Pit  
  55  6:38  Zergling x2  
  55  6:39  Zergling x18  
  63  7:17  Zergling x16  
  71  7:22  Hive  
  71  7:25  Drone  
  71  7:26  Drone  
  71  7:27  Overlord x2  
  71  7:28  Overlord x2  
  71  7:29  Overlord  
  54  8:19  Drone x5  
  59  8:21  Drone x5  
  64  8:30  Zerg Ground Armor Level 1  
  64  8:37  Ultralisk Cavern  
  64  8:38  Zergling x2  
  64  8:39  Zergling x4  
  55  8:56  Zergling x12  
  55  8:57  Zergling x4  
  55  8:58  Zergling x2  
  55  8:59  Zergling x12  
  68  9:03  Spine Crawler  
  68  9:04  Spine Crawler  
  34  9:34  Ultralisk x8  
  72  9:52  Chitinous Plating  
  72  9:58  Queen  
  74  10:14  Hatchery  
  73  10:38  Extractor  
  72  10:46  Hatchery  
Show
View Real Time Build Order
Export as new Build Order

Mev Zerg 

Build Orders: Hatch First 

Get SALT Encoding   

  12  0:04  Drone  
  13  0:12  Overlord  
  13  0:17  Drone  
  14  0:31  Drone x2  
  16  0:37  Drone  
  17  0:57  Hatchery  
  16  1:07  Spawning Pool  
  15  1:11  Drone, Extractor  
  15  1:15  Drone  
  16  1:19  Drone  
  17  1:30  Drone  
  18  1:33  Drone  
  19  1:46  Drone  
  20  1:53  Queen  
  22  2:02  Overlord  
  22  2:09  Drone  
  22  2:10  Drone, Queen  
  26  2:15  Metabolic Boost  
  26  2:18  Drone  
  26  2:20  Drone  
  28  2:27  Drone  
  29  2:31  Drone  
  30  2:38  Drone  
  30  2:42  Drone  
  32  2:52  Zergling x2  
  32  2:53  Overlord  
  33  2:59  Drone  
  33  3:04  Overlord  
  34  3:10  Zergling x2  
  34  3:11  Lair  
  35  3:14  Zergling x2  
  35  3:18  Zergling x6  
  39  3:20  Zergling x2  
  39  3:24  Zergling x6  
  43  3:29  Zergling x2  
  43  3:33  Zergling x2  
  45  3:37  Zergling x2  
  46  3:46  Zergling x2  
  46  3:47  Overlord x2  
  47  3:50  Drone x2  
  49  3:58  Zergling x2  
  49  4:01  Zergling x2  
  49  4:02  Zergling x2  
  51  4:06  Extractor  
  51  4:08  Extractor  
  49  4:10  Overlord  
  49  4:12  Drone  
  49  4:13  Overlord  
  44  4:27  Drone x4  
  44  4:28  Spine Crawler x2  
  44  4:31  Extractor  
  45  4:32  Drone, Spire  
  45  4:36  Drone  
  45  4:37  Drone x3  
  49  4:41  Drone  
  50  4:48  Drone  
  51  5:01  Drone  
  52  5:24  Spine Crawler  
  51  5:32  Overlord x4  
  51  5:33  Drone  
  49  5:50  Mutalisk x8  
  65  6:05  Zerg Flyer Weapons Level 1  
  65  6:13  Mutalisk  
  64  6:22  Mutalisk  
  66  6:38  Mutalisk  
  66  6:39  Mutalisk  
  70  6:47  Zergling x22  
  71  6:52  Mutalisk  
  83  6:59  Mutalisk  
  85  7:35  Mutalisk x4  
  76  7:47  Mutalisk  
  72  8:07  Zerg Flyer Weapons Level 2  
  72  8:08  Infestation Pit, Evolution Chamber  
  72  8:09  Evolution Chamber  
  69  8:18  Overseer  
  69  8:21  Evolution Chamber  
  69  8:24  Spine Crawler  
  67  8:27  Spine Crawler  
  67  8:28  Hatchery  
  67  8:30  Spine Crawler  
  64  8:35  Zerg Ground Armor Level 1, Zerg Melee Weapons Level 1  
  60  9:21  Hive  
  58  9:33  Zergling x10  
  58  9:34  Zergling x38  
  82  9:51  Pathogen Glands  
Show
View Real Time Build Order
Export as new Build Order

Unemployed Protoss 

Build Orders:  

Get SALT Encoding   

  12  0:04  Probe (Chrono Boost)  
  13  0:18  Probe (Chrono Boost)  
  14  0:28  Probe (Chrono Boost), Pylon  
  15  0:33  Assimilator  
  15  0:45  Assimilator  
  15  0:46  Probe (Chrono Boost)  
  16  0:56  Probe (Chrono Boost)  
  17  1:07  Probe (Chrono Boost)  
  18  1:17  Probe (Chrono Boost)  
  19  1:18  Pylon  
  19  1:19  Forge  
  19  1:28  Probe (Chrono Boost)  
  20  1:39  Probe (Chrono Boost)  
  21  1:47  Gateway  
  21  1:49  Probe (Chrono Boost)  
  22  1:55  Photon Cannon  
  22  2:03  Pylon  
  22  2:13  Photon Cannon  
  22  2:21  Probe (Chrono Boost)  
  23  2:37  Cybernetics Core  
  23  2:59  Protoss Shields Level 1  
  23  4:53  Protoss Ground Weapons Level 1  
Show
View Real Time Build Order
Export as new Build Order

Amix Zerg 

Build Orders: Hatch First, Zergling Baneling 

Get SALT Encoding   

  12  0:02  Drone  
  13  0:11  Drone  
  14  0:19  Overlord  
  14  0:32  Drone, Extractor  
  15  0:37  Drone x2  
  17  1:01  Drone, Hatchery  
  17  1:05  Extractor  
  17  1:06  Drone  
  17  1:18  Spawning Pool  
  17  1:20  Drone  
  17  1:24  Drone  
  18  1:30  Drone  
  19  1:39  Drone  
  20  1:49  Drone  
  21  2:04  Drone  
  21  2:06  Metabolic Boost  
  22  2:12  Queen  
  22  2:13  Queen  
  22  2:15  Drone x2  
  28  2:23  Spore Crawler  
  27  2:32  Spore Crawler  
  27  2:35  Spore Crawler  
  26  2:37  Drone  
  26  2:39  Spore Crawler  
  26  2:44  Drone x2  
  27  2:58  Baneling Nest  
  26  3:06  Zergling x4  
  26  3:08  Overlord x2  
  28  3:23  Lair  
  28  3:32  Zergling x2  
  28  3:33  Zergling x8  
  33  3:35  Drone x2  
  33  3:40  Drone  
  33  3:41  Drone  
  37  3:43  Drone  
  38  3:50  Drone  
  38  3:51  Drone  
  38  3:52  Drone  
  41  4:01  Baneling x4  
  41  4:02  Baneling x2  
  27  4:33  Zergling x2  
  27  4:34  Zergling x6  
  31  4:51  Zergling x2  
  32  4:56  Baneling  
  32  4:57  Baneling x5, Hatchery  
  31  5:04  Drone  
  31  5:05  Drone  
  33  5:37  Zergling x2  
  33  5:38  Zergling x6  
  37  5:43  Drone  
  38  5:50  Extractor  
  38  5:56  Evolution Chamber  
  36  6:00  Zergling x4  
  38  6:04  Overlord  
  38  6:16  Centrifical Hooks  
  38  6:23  Drone  
  38  6:24  Drone  
  40  6:32  Drone x2  
  42  6:34  Drone  
  37  7:12  Spore Crawler  
  37  7:13  Drone x2  
  37  7:14  Spore Crawler x2  
  37  7:15  Spore Crawler  
  34  7:16  Spore Crawler  
  34  7:17  Spore Crawler  
  32  7:26  Drone x2  
  32  7:27  Drone  
  22  8:02  Drone x7  
  29  8:11  Drone x2  
  29  8:12  Drone  
  32  8:24  Zergling x2  
  32  8:25  Zergling x4  
  35  8:27  Zergling x2  
  36  8:36  Zerg Melee Weapons Level 1  
  36  8:38  Drone x2  
  36  8:39  Drone  
  39  8:44  Queen  
  41  9:03  Drone x2  
  41  9:04  Drone  
  41  9:05  Overlord  
  41  9:06  Overlord x2  
  37  10:12  Zergling x10  
  37  10:13  Zergling x8  
  46  10:49  Baneling  
  46  10:50  Baneling  
  46  10:53  Hatchery  
Show
View Real Time Build Order
Export as new Build Order

laurentruffy Terran 

Build Orders: MMM Bio 

Get SALT Encoding   

  12  0:12  SCV  
  13  0:20  Supply Depot  
  13  0:24  SCV  
  14  0:37  SCV  
  15  0:45  Barracks  
  15  0:49  SCV  
  16  1:01  SCV  
  17  1:13  SCV  
  18  1:25  SCV  
  19  1:36  Command Center  
  20  1:40  Orbital Command  
  19  2:03  Refinery  
  19  2:04  Refinery  
  19  2:05  Barracks  
  19  2:06  SCV  
  19  2:07  Barracks  
  20  2:18  SCV  
  21  2:30  SCV  
  22  2:42  SCV  
  23  2:48  Orbital Command  
  23  2:49  Supply Depot  
  23  2:53  Barracks Tech Lab  
  23  2:54  SCV  
  23  2:56  Barracks Reactor x2  
  24  3:06  SCV  
  25  3:13  SCV  
  25  3:19  Stimpack  
  27  3:26  SCV  
  27  3:35  Factory  
  27  3:38  SCV  
  27  3:39  Marine x3  
  27  3:41  Marine x2  
  32  3:44  Supply Depot  
  33  3:50  SCV  
  34  4:02  Marine, SCV  
  35  4:03  Marine  
  35  4:06  Marine x2  
  39  4:12  Marine  
  39  4:14  SCV  
  41  4:20  Marine x2  
  41  4:21  Factory Reactor  
  41  4:22  Starport  
  41  4:23  Marine  
  41  4:24  Marine  
  45  4:25  SCV  
  45  4:26  SCV  
  45  4:28  Supply Depot x2, Engineering Bay  
  45  4:29  Engineering Bay  
  47  4:38  SCV  
  47  4:42  Marine x2  
  47  4:44  SCV  
  51  4:50  SCV  
  52  4:52  Marine  
  52  4:53  Marine  
  52  4:56  SCV  
  55  5:01  Starport Reactor  
  55  5:02  SCV, Supply Depot  
  55  5:03  Terran Infantry Armor Level 1, Terran Infantry Weapons Level 1  
  56  5:09  Marine  
  56  5:10  Marine x3  
  60  5:14  SCV  
  60  5:16  Supply Depot  
  51  5:38  Medivac  
  51  5:39  Medivac  
  51  5:40  Marine x2  
  56  6:01  Command Center  
  56  6:08  Medivac  
  56  6:09  Marine x3  
  56  6:10  Marine, Medivac  
  64  6:13  SCV  
  64  6:15  Supply Depot  
  60  6:20  Orbital Command  
  60  6:25  SCV  
  61  6:26  Marine  
  61  6:27  Marine  
  63  6:37  SCV  
  63  6:38  Marine x3  
  63  6:39  Medivac  
  69  6:40  Medivac  
  69  6:43  Marine  
  69  6:46  SCV  
  72  6:49  SCV  
  73  6:55  Supply Depot  
  73  6:58  SCV  
  74  7:01  SCV  
  74  7:08  Marine x4  
  68  7:09  Marine  
  68  7:13  SCV  
  67  7:18  Missile Turret  
  67  7:21  SCV x2  
  69  7:26  Marine x3, SCV  
  69  7:27  Hi-Sec Auto Tracking  
  71  7:32  Missile Turret  
  71  7:33  SCV  
  72  7:37  Orbital Command  
  72  7:38  SCV  
  72  7:43  Missile Turret  
  73  7:45  SCV  
  73  7:47  Combat Shields  
  73  7:50  SCV  
  75  7:57  Marine, SCV  
  77  8:02  SCV  
  77  8:03  Missile Turret  
  77  8:04  SCV  
  79  8:09  SCV  
  80  8:13  Armory  
  80  8:14  SCV  
  80  8:16  SCV  
  80  8:19  Marine  
  83  8:21  SCV  
  83  8:22  Refinery  
  83  8:26  SCV  
  85  8:28  SCV  
  85  8:29  Marine x2, Barracks  
  85  8:31  Barracks  
  85  8:32  Marine x2  
  85  8:33  SCV, Medivac  
  93  8:37  Marine  
  93  8:38  SCV  
  93  8:40  SCV  
  96  8:45  Supply Depot  
  96  8:46  SCV  
  96  8:47  Marine x2  
  98  8:49  Marine  
  98  8:50  SCV  
  98  8:52  Marine, SCV, Supply Depot  
  98  8:54  Marine, Missile Turret  
  103  8:58  SCV  
  105  9:02  SCV  
  105  9:04  SCV  
  104  9:10  SCV  
  104  9:13  Marine x3  
  104  9:14  SCV  
  104  9:16  SCV, Missile Turret  
  110  9:21  Marine x2  
  110  9:22  SCV  
  109  9:27  SCV  
  109  9:28  SCV  
  107  9:35  Marine x5  
  107  9:37  SCV  
  113  9:39  Marine, SCV  
  113  9:42  Supply Depot  
  113  9:43  Supply Depot  
  113  9:47  Marine  
  113  9:48  SCV  
  113  9:49  SCV  
  113  9:51  SCV  
  111  10:00  SCV  
  111  10:01  SCV  
  111  10:03  SCV  
  111  10:05  Marine x4  
  111  10:06  Marine  
  117  10:07  Barracks Reactor x2  
  117  10:08  Medivac x2  
  117  10:12  SCV  
  117  10:13  SCV  
  115  10:20  SCV  
  116  10:23  Marine x5  
  116  10:24  SCV  
  116  10:26  SCV  
  116  10:27  Refinery  
  123  10:29  Supply Depot  
  123  10:32  SCV  
  124  10:38  Medivac x2  
  124  10:40  Marine x2  
  124  10:41  Marine x3  
  129  10:43  Marine x3  
  129  10:44  Marine  
Show
View Real Time Build Order
Export as new Build Order

Sparkman Zerg 

Build Orders: Hatch First 

Get SALT Encoding   

  12  0:01  Drone  
  13  0:10  Drone  
  14  0:17  Overlord  
  14  0:36  Drone  
  14  0:37  Drone x2  
  17  0:57  Drone  
  17  1:01  Hatchery, Extractor  
  17  1:02  Drone  
  17  1:10  Drone  
  18  1:22  Spawning Pool  
  17  1:28  Drone  
  17  1:32  Drone  
  19  1:42  Overlord  
  19  2:00  Hatchery  
  18  2:05  Drone x2  
  20  2:15  Lair  
  20  2:19  Drone  
  20  2:21  Drone  
  22  2:34  Roach Warren  
  22  2:35  Drone  
  22  2:39  Drone  
  23  2:47  Queen  
  24  3:10  Drone x2  
  24  3:11  Drone  
  26  3:15  Queen  
  26  3:18  Roach x2  
  32  3:29  Drone x2  
  32  3:33  Roach  
  34  3:44  Roach x2  
  38  3:53  Roach x2  
  42  4:10  Overlord  
  42  4:22  Glial Reconstitution  
  42  4:32  Hatchery  
  41  4:39  Extractor  
  41  4:41  Drone x3, Evolution Chamber  
  42  5:05  Roach x2  
  42  5:06  Roach x3  
  38  5:15  Roach  
  39  5:34  Zerg Missile Weapons Level 1  
  39  5:37  Overlord x2  
  39  5:54  Hatchery  
  38  6:03  Roach x3  
  38  6:04  Roach x4  
  52  6:43  Roach x4  
  52  6:45  Overlord x2  
  60  7:10  Hatchery  
  57  7:28  Zerg Ground Armor Level 1  
  54  7:40  Drone  
  54  7:41  Drone x3  
  46  7:46  Drone  
  46  7:47  Spore Crawler  
  46  7:49  Drone  
  25  7:57  Drone x2  
  27  8:07  Hydralisk Den  
  26  8:28  Drone  
  27  8:34  Spore Crawler  
  27  8:35  Drone x2  
  27  8:36  Drone  
  27  8:41  Drone x5  
  31  8:42  Drone  
  33  8:57  Spore Crawler, Queen  
  34  9:12  Extractor  
  34  9:15  Extractor  
  32  9:21  Hydralisk x2, Muscular Augments  
  32  9:23  Hydralisk  
  38  9:43  Queen  
  38  9:45  Drone x2  
  42  10:06  Hydralisk, Hatchery  
  43  10:16  Drone x3  
  43  10:20  Drone  
  47  10:21  Drone  
  48  10:34  Roach x2  
  52  10:50  Roach x4  
Show
View Real Time Build Order
Export as new Build Order

xMKx Terran 

Build Orders:  

Get SALT Encoding   

  12  0:01  SCV  
  13  0:13  SCV  
  14  0:25  SCV  
  15  0:29  Supply Depot  
  15  0:41  Supply Depot  
  15  1:02  Barracks  
  15  1:04  Refinery  
  15  1:13  Barracks  
  15  1:16  Barracks  
  15  1:29  SCV  
  16  1:37  Refinery  
  16  1:41  SCV  
  17  1:51  Barracks Tech Lab  
  17  1:53  SCV  
  18  2:01  Barracks Reactor  
  18  2:05  SCV  
  19  2:14  Barracks Reactor  
  19  2:31  Orbital Command  
  19  2:40  Engineering Bay  
  19  2:45  Supply Depot  
  19  2:55  Marine x2  
  19  2:57  Marine x2  
  23  3:04  Marauder  
  25  3:37  Marine x4  
  25  3:41  Marauder  
  31  3:48  Supply Depot  
  31  3:54  Marine  
  32  4:20  Marine, Command Center  
  32  4:21  Marine, Marauder  
  36  4:43  Marauder  
  38  4:53  Marine x3  
  41  5:04  Marauder  
  43  5:57  Marine x2  
  43  5:58  Marine x3  
  43  6:01  Factory  
  48  6:07  Missile Turret  
  48  6:16  Marauder  
  50  6:28  Missile Turret  
  50  6:38  Marauder  
  50  6:50  Orbital Command  
  50  6:52  Missile Turret  
  50  6:53  SCV  
  51  7:05  SCV  
  52  7:14  Missile Turret  
  52  7:17  SCV  
  53  7:25  Missile Turret  
  53  7:29  SCV  
  50  7:41  SCV  
  51  7:46  Missile Turret  
  51  7:50  Factory Reactor  
  51  7:52  Starport  
  51  7:54  Marine x5  
  56  8:02  SCV  
  56  8:05  SCV  
  58  8:06  Missile Turret  
  58  8:12  Marine x3  
  61  8:14  SCV, Supply Depot  
  62  8:27  Missile Turret  
  62  8:36  Marauder  
  64  8:53  Factory Tech Lab  
  64  8:57  Marauder  
  66  9:04  Combat Shields  
  66  9:08  Terran Infantry Weapons Level 1  
  66  9:18  Marauder  
  68  9:25  Armory  
  68  9:35  Refinery  
  68  9:38  Refinery, SCV  
  69  9:50  SCV  
  70  10:05  Supply Depot  
  70  10:07  Supply Depot  
  70  10:17  Armory  
  70  10:26  Thor, Medivac  
  78  10:28  SCV, Supply Depot, Medivac  
  78  10:31  Supply Depot  
  81  10:40  SCV  
  82  10:44  Marine  
  82  10:45  Marine x3  
  82  10:48  Marine  
  84  10:53  SCV  
  84  10:54  Supply Depot  
Tags
 
Add a new tag
Caveats
  • Supply blocks, unpowered buildings, or Contaminate may cause inaccurate times.
  • Supply counts are checked every 10 seconds.